TOP OF THE 1ST |
Colorado Rockies batting - Pitching for Cincinnati Reds : RHP Constantino Chamisso
|
Pitching: RHP Constantino Chamisso
|
|
Batting: SHB Eddie Quinones
|
0-0: Ball 1-0: Ball 2-0: Ball 3-0: Called Strike 3-1: Fly out, F9 (Flyball, 89D, EV 92.5 MPH)
|
Batting: RHB Joel Haycock
|
0-0: Ball 1-0: Called Strike 1-1: Called Strike 1-2: Reached on error, E6 (Groundball, 6, EV 90.0 MPH)
|
Batting: LHB Freddy Troncoso
|
0-0: Foul Ball, location: 2F 0-1: Ball 1-1: Foul Ball, location: 2F 1-2: Ball 2-2: Ball 3-2: Base on Balls
|
Batting: RHB Henry Alvizo
|
0-0: Fly out, F8 (Flyball, 8RS, EV 81.9 MPH)
|
Batting: SHB Jon Munoz
|
0-0: Ball 1-0: Ball 2-0: DOUBLE (Flyball, 8RXD, EV 87.5 MPH) Joel Haycock scores Freddy Troncoso to third Runner from 3rd tries for Home, SAFE, throw by CF to home
|
Batting: RHB Ryan Rinaldi
|
0-0: DOUBLE (Line Drive, 89M, EV 103.8 MPH) Jon Munoz scores
|
Batting: RHB Sterling Acosta
|
0-0: Ball 1-0: Ball 2-0: Ball 3-0: Called Strike 3-1: Fly out, F7 (Flyball, 78S, EV 95.6 MPH)
|
Top of the 1st over - 3 runs, 2 hits, 1 error, 1 left on base; Colorado 3 - Cincinnati 0 |
BOTTOM OF THE 1ST |
Cincinnati Reds batting - Pitching for Colorado Rockies : RHP Vince Scripp
|
Pitching: RHP Vince Scripp
|
|
Batting: SHB Tony Prado
|
0-0: Called Strike 0-1: Foul Ball, location: 2F 0-2: Ball 1-2: Foul Ball, location: 2F 1-2: Strikes out swinging
|
Batting: RHB Joseph Kirchmann
|
0-0: Swinging Strike 0-1: Called Strike 0-2: Strikes out swinging
|
Batting: LHB Chris Grunwald
|
0-0: Ball 1-0: Ball 2-0: Called Strike 2-1: Foul Ball, location: 2F 2-2: Ground out 4-3 (Groundball, 34D, EV 82.5 MPH)
|
Bottom of the 1st over - 0 runs, 0 hits, 0 errors, 0 left on base; Colorado 3 - Cincinnati 0 |
TOP OF THE 2ND |
Colorado Rockies batting - Pitching for Cincinnati Reds : RHP Constantino Chamisso
|
Batting: RHB Justin Williams
|
0-0: Ball 1-0: SINGLE (Groundball, 6M, EV 103.1 MPH) (infield hit)
|
Batting: RHB Bobby Bowman
|
0-0: Ball 1-0: Ball 2-0: Called Strike 2-1: Ball 3-1: DOUBLE (Line Drive, 89XD, EV 106.2 MPH) Justin Williams to third
|
Batting: SHB Eddie Quinones
|
0-0: Ball 1-0: Foul Ball, location: 2F 1-1: Ball 2-1: Ball 3-1: Called Strike 3-2: Fly out, F8 (Line Drive, 8LD, EV 85.6 MPH) Runner from 3rd tags up, SCORES, throw by CF
|
Batting: RHB Joel Haycock
|
0-0: Called Strike 0-1: Called Strike 0-2: Ball 1-2: Foul Ball, location: 2F 1-2: Foul Ball, location: 2F 1-2: Foul Ball, location: 2F 1-2: SINGLE (Groundball, 34D, EV 95.6 MPH) Bobby Bowman to third
|
Batting: LHB Freddy Troncoso
|
0-0: Ball 1-0: Foul Ball, location: 2F 1-1: Foul Ball, location: 2F 1-2: Strikes out looking
|
Batting: RHB Henry Alvizo
|
0-0: Swinging Strike 0-1: Swinging Strike 0-2: Foul Ball, location: 2F 0-2: Ball 1-2: Ball 2-2: Strikes out looking
|
Top of the 2nd over - 1 run, 3 hits, 0 errors, 2 left on base; Colorado 4 - Cincinnati 0 |
BOTTOM OF THE 2ND |
Cincinnati Reds batting - Pitching for Colorado Rockies : RHP Vince Scripp
|
Batting: LHB Antonio Figueroa
|
0-0: Ball 1-0: Called Strike 1-1: DOUBLE (Line Drive, 9LM, EV 111.2 MPH)
|
Batting: RHB Willie Lazcano
|
0-0: Ball 1-0: Called Strike 1-1: Ball 2-1: SINGLE (Line Drive, 89M, EV 89.4 MPH) Antonio Figueroa to third
|
Batting: LHB Jon Ledesma
|
0-0: Swinging Strike 0-1: Fielders Choice at 2nd, 4-6 (Groundball, 4, EV 86.9 MPH) Antonio Figueroa scores
|
Batting: RHB Omar Quintana
|
0-0: Foul Ball, location: 2F 0-1: Ball 1-1: Fly out, F8 (Flyball, 8LXD, EV 105.6 MPH)
|
Batting: RHB Mike Alm
|
0-0: Called Strike 0-1: Ball 1-1: Foul Ball, location: 2F 1-2: Fly out, F4 (Line Drive, 4, EV 70.6 MPH)
|
Bottom of the 2nd over - 1 run, 2 hits, 0 errors, 1 left on base; Colorado 4 - Cincinnati 1 |
TOP OF THE 3RD |
Colorado Rockies batting - Pitching for Cincinnati Reds : RHP Constantino Chamisso
|
Batting: SHB Jon Munoz
|
0-0: Foul Ball, location: 2F 0-1: Swinging Strike 0-2: Strikes out looking
|
Batting: RHB Ryan Rinaldi
|
0-0: Ground out 4-3 (Groundball, 4, EV 95.0 MPH)
|
Batting: RHB Sterling Acosta
|
0-0: Foul Ball, location: 2F 0-1: Called Strike 0-2: Ball 1-2: Ground out U3 (Groundball, 34D, EV 81.9 MPH)
|
Top of the 3rd over - 0 runs, 0 hits, 0 errors, 0 left on base; Colorado 4 - Cincinnati 1 |
BOTTOM OF THE 3RD |
Cincinnati Reds batting - Pitching for Colorado Rockies : RHP Vince Scripp
|
Batting: RHB Takanibu Kaneshiro
|
0-0: Swinging Strike 0-1: Fly out, F7 (Flyball, 78D, EV 106.2 MPH)
|
Batting: SHB Tony Prado
|
0-0: Ball 1-0: Called Strike 1-1: Ball 2-1: Foul Ball, location: 2F 2-2: Foul Ball, location: 2F 2-2: Strikes out looking
|
Batting: RHB Joseph Kirchmann
|
0-0: Ball 1-0: Called Strike 1-1: Called Strike 1-2: Foul Ball, location: 2F 1-2: Foul Ball, location: 2F 1-2: Ball 2-2: Strikes out swinging
|
Bottom of the 3rd over - 0 runs, 0 hits, 0 errors, 0 left on base; Colorado 4 - Cincinnati 1 |
TOP OF THE 4TH |
Colorado Rockies batting - Pitching for Cincinnati Reds : RHP Constantino Chamisso
|
Batting: RHB Justin Williams
|
0-0: SOLO HOME RUN (Flyball, 8LXD, EV 110.0 MPH), Distance : 418 ft
|
Pitching: RHP André Gaillard
|
|
Batting: RHB Bobby Bowman
|
0-0: Ground out 3-1 (Groundball, 34, EV 81.9 MPH)
|
Batting: SHB Eddie Quinones
|
0-0: Called Strike 0-1: Ball 1-1: Swinging Strike 1-2: Strikes out swinging
|
Batting: RHB Joel Haycock
|
0-0: Called Strike 0-1: Called Strike 0-2: Foul Ball, location: 2F 0-2: Ball 1-2: Ball 2-2: Foul Ball, location: 2F 2-2: Ball 3-2: Base on Balls
|
Batting: LHB Freddy Troncoso
|
0-0: Called Strike 0-1: Called Strike 0-2: Ball 1-2: Foul Ball, location: 2F 1-2: Foul Ball, location: 2F 1-2: Ball 2-2: Ball 3-2: Base on Balls Joel Haycock to second
|
Batting: RHB Henry Alvizo
|
0-0: Called Strike 0-1: Called Strike 0-2: Strikes out swinging
|
Top of the 4th over - 1 run, 1 hit, 0 errors, 2 left on base; Colorado 5 - Cincinnati 1 |
BOTTOM OF THE 4TH |
Cincinnati Reds batting - Pitching for Colorado Rockies : RHP Vince Scripp
|
Batting: LHB Chris Grunwald
|
0-0: Reached on error, E4 (Groundball, 4M, EV 84.4 MPH)
|
Batting: LHB Antonio Figueroa
|
0-0: Ground out 4-3 (Groundball, 4, EV 76.2 MPH) Chris Grunwald to third
|
Batting: RHB Willie Lazcano
|
0-0: Ball 1-0: Ball 2-0: Ball 3-0: Called Strike 3-1: Ground out 6-3 (Groundball, 4M, EV 87.5 MPH) Chris Grunwald scores
|
Batting: LHB Jon Ledesma
|
0-0: Called Strike 0-1: Ball 1-1: Ball 2-1: Foul Ball, location: 2F 2-2: Foul Ball, location: 2F 2-2: Strikes out swinging
|
Bottom of the 4th over - 1 run, 0 hits, 1 error, 0 left on base; Colorado 5 - Cincinnati 2 |
TOP OF THE 5TH |
Colorado Rockies batting - Pitching for Cincinnati Reds : RHP André Gaillard
|
Batting: SHB Jon Munoz
|
0-0: Ball 1-0: Ground out 3-1 (Groundball, 34S, EV 91.9 MPH)
|
Batting: RHB Ryan Rinaldi
|
0-0: Swinging Strike 0-1: Swinging Strike 0-2: Strikes out swinging
|
Batting: RHB Sterling Acosta
|
0-0: Foul Ball, location: 2F 0-1: SINGLE (Line Drive, 9S, EV 110.6 MPH)
|
Batting: RHB Justin Williams
|
0-0: Called Strike 0-1: Ball 1-1: Ball Sterling Acosta is caught stealing 2nd base 2-4
|
Top of the 5th over - 0 runs, 1 hit, 0 errors, 0 left on base; Colorado 5 - Cincinnati 2 |
BOTTOM OF THE 5TH |
Cincinnati Reds batting - Pitching for Colorado Rockies : RHP Vince Scripp
|
Batting: RHB Omar Quintana
|
0-0: Foul Ball, location: 2F 0-1: Called Strike 0-2: Ball 1-2: Ball 2-2: Fly out, F3 (Popup, 23F, EV 74.4 MPH)
|
Batting: RHB Mike Alm
|
0-0: Called Strike 0-1: Foul Ball, location: 2F 0-2: Foul Ball, location: 2F 0-2: Ball 1-2: Fly out, F9 (Flyball, 9S, EV 89.4 MPH)
|
Batting: RHB Takanibu Kaneshiro
|
0-0: Ground out U3 (Groundball, 34, EV 83.8 MPH)
|
Bottom of the 5th over - 0 runs, 0 hits, 0 errors, 0 left on base; Colorado 5 - Cincinnati 2 |
TOP OF THE 6TH |
Colorado Rockies batting - Pitching for Cincinnati Reds : RHP André Gaillard
|
Batting: RHB Justin Williams
|
0-0: Ball 1-0: Called Strike 1-1: DOUBLE (Line Drive, 5D, EV 97.5 MPH)
|
Batting: RHB Bobby Bowman
|
0-0: Swinging Strike 0-1: Ground out 6-3 (Groundball, 6S, EV 89.4 MPH) Justin Williams to third
|
Batting: SHB Eddie Quinones
|
0-0: Foul Ball, location: 2F 0-1: Swinging Strike 0-2: Foul Ball, location: 2F 0-2: Strikes out looking
|
Batting: RHB Joel Haycock
|
0-0: Called Strike 0-1: Ground out 6-3 (Groundball, 6, EV 104.4 MPH)
|
Top of the 6th over - 0 runs, 1 hit, 0 errors, 1 left on base; Colorado 5 - Cincinnati 2 |
BOTTOM OF THE 6TH |
Cincinnati Reds batting - Pitching for Colorado Rockies : RHP Vince Scripp
|
Batting: SHB Tony Prado
|
0-0: Called Strike 0-1: Ball 1-1: Foul Ball, location: 2F 1-2: Ball 2-2: Ground out 6-3 (Groundball, 6, EV 78.8 MPH)
|
Batting: RHB Joseph Kirchmann
|
0-0: Ball 1-0: Ball 2-0: Ball 3-0: Called Strike 3-1: SINGLE (Groundball, 6S, EV 64.4 MPH) (infield hit)
|
Batting: LHB Chris Grunwald
|
0-0: Ball 1-0: Called Strike 1-1: Foul Ball, location: 2F 1-2: Foul Ball, location: 2F 1-2: Strikes out looking
|
Batting: LHB Antonio Figueroa
|
0-0: Ball 1-0: Called Strike 1-1: Foul Ball, location: 2F 1-2: 2-RUN HOME RUN (Flyball, 78XD, EV 99.4 MPH), Distance : 402 ft
|
Batting: RHB Willie Lazcano
|
0-0: Ball 1-0: Foul Ball, location: 2F 1-1: Ball 2-1: Ball 3-1: Base on Balls
|
Batting: LHB Jon Ledesma
|
0-0: Ground out 4-3 (Groundball, 4D, EV 86.9 MPH)
|
Bottom of the 6th over - 2 runs, 2 hits, 0 errors, 1 left on base; Colorado 5 - Cincinnati 4 |
TOP OF THE 7TH |
Colorado Rockies batting - Pitching for Cincinnati Reds : RHP André Gaillard
|
Pitching: LHP Marco Berrios
|
|
Batting: LHB Freddy Troncoso
|
0-0: Ball 1-0: Ground out 6-3 (Groundball, 6S, EV 71.9 MPH)
|
Batting: RHB Henry Alvizo
|
0-0: Foul Ball, location: 2F 0-1: Ball 1-1: Ball 2-1: Ball 3-1: SINGLE (Groundball, 4S, EV 72.5 MPH) (infield hit)
|
Batting: SHB Jon Munoz
|
0-0: Ball 1-0: Ball 2-0: Swinging Strike 2-1: Ball Henry Alvizo is caught stealing 2nd base 2-4 3-1: Ground out 1-3 (Groundball, 34S, EV 61.2 MPH)
|
Top of the 7th over - 0 runs, 1 hit, 0 errors, 0 left on base; Colorado 5 - Cincinnati 4 |
BOTTOM OF THE 7TH |
Cincinnati Reds batting - Pitching for Colorado Rockies : RHP Vince Scripp
|
Batting: RHB Omar Quintana
|
0-0: Ground out 5-3 (Groundball, 56, EV 88.1 MPH)
|
Batting: RHB Mike Alm
|
0-0: Ball 1-0: Called Strike 1-1: SOLO HOME RUN (Line Drive, 7D, EV 107.5 MPH), Distance : 434 ft
|
Pitching: LHP Eric Zielinski
|
|
Batting: RHB Takanibu Kaneshiro
|
0-0: Ball 1-0: Ball 2-0: Foul Ball, location: 2F 2-1: Ground out 6-3 (Groundball, 6, EV 105.6 MPH)
|
Batting: SHB Tony Prado
|
0-0: Called Strike 0-1: Foul Ball, location: 2F 0-2: Foul Ball, location: 2F 0-2: SOLO HOME RUN (Flyball, 9D, EV 96.9 MPH), Distance : 378 ft
|
Batting: RHB Joseph Kirchmann
|
0-0: Ball 1-0: Foul Ball, location: 2F 1-1: Foul Ball, location: 2F 1-2: Strikes out swinging
|
Bottom of the 7th over - 2 runs, 2 hits, 0 errors, 0 left on base; Colorado 5 - Cincinnati 6 |
TOP OF THE 8TH |
Colorado Rockies batting - Pitching for Cincinnati Reds : LHP Marco Berrios
|
Batting: RHB Ryan Rinaldi
|
0-0: Foul Ball, location: 2F 0-1: Ball 1-1: Swinging Strike 1-2: Ball 2-2: SINGLE (Line Drive, 9S, EV 105.6 MPH)
|
Pitching: RHP Justin Ambrose
|
|
Batting: RHB Sterling Acosta
|
0-0: Sac Bunt to 25 - play at first, batter OUT! 5-3 Ryan Rinaldi to second
|
Batting: RHB Justin Williams
|
0-0: Ball 1-0: Called Strike 1-1: Ball 2-1: Swinging Strike 2-2: Ball 3-2: Strikes out looking
|
Batting: RHB Bobby Bowman
|
0-0: Foul Ball, location: 2F 0-1: Ball 1-1: Swinging Strike 1-2: Strikes out swinging
|
Top of the 8th over - 0 runs, 1 hit, 0 errors, 1 left on base; Colorado 5 - Cincinnati 6 |
BOTTOM OF THE 8TH |
Cincinnati Reds batting - Pitching for Colorado Rockies : LHP Eric Zielinski
|
Pitching: RHP Nate Dallman
|
|
Batting: LHB Chris Grunwald
|
0-0: Ball 1-0: Swinging Strike 1-1: Ball 2-1: Called Strike 2-2: Ball 3-2: Strikes out swinging
|
Batting: LHB Antonio Figueroa
|
0-0: Ball 1-0: Ball 2-0: Foul Ball, location: 2F 2-1: Called Strike 2-2: Ball 3-2: Fly out, F7 (Flyball, 78S, EV 79.4 MPH)
|
Batting: RHB Willie Lazcano
|
0-0: Called Strike 0-1: Swinging Strike 0-2: Ball 1-2: SINGLE (Groundball, 34, EV 105.6 MPH)
|
Batting: LHB Jon Ledesma
|
0-0: Fielders Choice at 2nd, 6-4 (Groundball, 4M, EV 85.0 MPH)
|
Bottom of the 8th over - 0 runs, 1 hit, 0 errors, 1 left on base; Colorado 5 - Cincinnati 6 |
TOP OF THE 9TH |
Colorado Rockies batting - Pitching for Cincinnati Reds : RHP Justin Ambrose
|
Pitching: RHP Junpei Yamazaki
|
|
Batting: SHB Eddie Quinones
|
0-0: Called Strike 0-1: Ball 1-1: Ground out 4-3 (Groundball, 4, EV 83.8 MPH)
|
Batting: RHB Joel Haycock
|
0-0: Called Strike 0-1: Ball 1-1: Foul Ball, location: 2F 1-2: SINGLE (Groundball, 34D, EV 98.1 MPH)
|
Batting: LHB Freddy Troncoso
|
0-0: Ball 1-0: Called Strike 1-1: Foul Ball, location: 2F 1-2: Foul Ball, location: 2F 1-2: Strikes out swinging
|
Batting: RHB Henry Alvizo
|
0-0: Swinging Strike 0-1: Ball 1-1: Called Strike 1-2: Strikes out swinging
|
Top of the 9th over - 0 runs, 1 hit, 0 errors, 1 left on base; Colorado 5 - Cincinnati 6 |
|